 Dungeon Crawl Stone Soup version 0.30-a0-476-g330ca2eb8e (webtiles) character file.

Game seed: 9796227661361226228

426 ragingrage the Slasher (level 6, -4/52 HPs)
             Began as a Naga Warper on Dec 21, 2022.
             Was a Follower of Cheibriados.
             Slain by an ogre
             ... wielding a +0 giant club
              (25 damage)
             ... on level 5 of the Dungeon.
             The game lasted 00:05:01 (3866 turns).

ragingrage the Slasher (Naga Warper)                Turns: 3866, Time: 00:05:02

Health: -4/52      AC:  7    Str: 16    XL:     6   Next: 97%
Magic:  9/9        EV: 11    Int: 16    God:    Cheibriados [*.....]
Gold:   217        SH:  0    Dex: 16    Spells: 0/9 levels left

rFire   . . .      SeeInvis +    t - +0 long sword
rCold   + . .      Faith    .    (no shield)
rNeg    . . .      Spirit   .    x - +2 scale mail {rC+}
rPois   +          Reflect  .    (no helmet)
rElec   .          Harm     .    l - scarf {repulsion}
rCorr   .          Rampage  .    (no gloves)
Will    .....                    (no barding)
Stlth   ..........               (no amulet)
HPRegen 0.28/turn                o - +4 ring of evasion
MPRegen 0.11/turn                p - ring of wizardry

@: repel missiles, very slow
A: AC +2, large, see invisible, deformed body, poison resistance, slowness 2,
spit poison 1, naga tail 1
a: Spit Poison, Renounce Religion, Bend Time


You were on level 5 of the Dungeon.
You worshipped Cheibriados.
Cheibriados was aware of your devotion.
You visited 1 branch of the dungeon, and saw 5 of its levels.

You collected 217 gold pieces.

Inventory:

Hand Weapons
 t - a +0 long sword (weapon)
Missiles
 d - 5 boomerangs of dispersal (quivered)
 f - 9 poisoned darts
Armour
 l - a scarf of repulsion (worn)
 x - a +2 scale mail of cold resistance (worn)
Jewellery
 o - a +4 ring of evasion (left hand)
 p - a ring of wizardry (right hand)
Wands
 r - a wand of roots (6)
Scrolls
 c - a scroll of blinking
 g - 2 scrolls of fog {unknown}
 j - a scroll of amnesia {unknown}
 k - 2 scrolls of identify {unknown}
 m - 2 scrolls of vulnerability {unknown}
 q - 2 scrolls of teleportation {unknown}
 u - 3 scrolls of noise {unknown}
 v - a scroll of brand weapon {unknown}
Potions
 a - a potion of heal wounds {unknown}
 b - a potion of flight {unknown}
 e - 3 potions of mutation {unknown}
 h - a potion of curing {unknown}
 i - a potion of might {unknown}
 n - 2 potions of magic {unknown}
 s - 2 potions of haste {unknown}
 w - a potion of berserk rage {unknown}


   Skills:
 - Level 2.1 Fighting
 * Level 6.9 Long Blades
 - Level 1.1 Throwing
 - Level 0.9 Armour
 - Level 1.6 Dodging
 - Level 2.0 Spellcasting
 + Level 3.1 Translocations


You couldn't memorise any spells.
You knew the following spells:

 Your Spells              Type           Power      Damage    Failure   Level
a - Blink                 Tloc           22%        N/A       13%         2
b - Vhi's Electric Charg  Tloc/Air       12%        N/A       43%         3
c - Manifold Assault      Tloc           11%        N/A       61%         4

Your spell library contained the following spells:

 Spells                   Type           Power      Damage    Failure   Level
 Lesser Beckoning         Tloc           22%        N/A       26%         3
 Teleport Other           Tloc           11%        N/A       26%         3
 Slow                     Hex            4%         N/A       30%         1
 Summon Small Mammal      Summ           4%         N/A       30%         1
 Call Canine Familiar     Summ           1%         N/A       65%         3
 Confusing Touch          Hex            1%         N/A       65%         3
 Summon Guardian Golem    Hex/Summ       1%         N/A       65%         3
 Vampiric Draining        Necr           1%         2d6       65%         3


Dungeon Overview and Level Annotations

Branches:
Dungeon (5/15)             Temple (0/1) D:5

Altars:
Cheibriados
The Shining One

Shops:
D:1 ?   D:2 :


Innate Abilities, Weirdness & Mutations

Your serpentine skin is tough. (AC +2)
You have supernaturally acute eyesight. (SInv)
Armour fits poorly on your strangely shaped body.
Your system is resistant to poisons. (rPois)
You cover ground very slowly.
You can spit poison.
You have a snake-like lower body.


Message History

You open the door.
Found an escape hatch in the ceiling.
Found 14 gold pieces.
There is an open door here.
You hear the slow rusting of a very distant drain.
You now have 217 gold pieces (gained 14).
You hear the slow rusting of a very distant drain.
You open the door.
An ogre comes into view. It is wielding a +0 giant club.
The ogre shouts!
Found 9 gold pieces.
There is an open door here.
Found a runed hat.
The ogre hits you with a +0 giant club!!
Ouch! That really hurt!
The ogre hits you with a +0 giant club.
You hit the ogre.
The ogre is lightly wounded.
Throw: 7 boomerangs (disperse)
Press: ? - help, Q - select action, (/) - cycle Shift-Dir - straight line, f - ogre
Aim: an ogre, wielding a +0 giant club (lightly wounded, 75% to hit)
You throw a boomerang of dispersal.
The boomerang of dispersal hits the ogre!
The ogre blinks!
The ogre is moderately wounded.
Okay, then.
Throw: 10 darts (poison)
Press: ? - help, Shift-Dir - straight line, f/p - ogre
Aim: an ogre, wielding a +0 giant club (moderately wounded, 75% to hit)
You throw a poisoned dart.
The poisoned dart completely misses the ogre.
Throw: 6 boomerangs (disperse)
Press: ? - help, Shift-Dir - straight line, f/p - ogre
Aim: an ogre, wielding a +0 giant club (moderately wounded, 75% to hit)
You throw a boomerang of dispersal.
The boomerang of dispersal hits the ogre.
The ogre blinks!
The ogre is heavily wounded.
The ogre hits you with a +0 giant club!!
You die...

#.....# ... #.....#
...# ####..#....##.
#.......##.# #
#.#.....##.# ..
#.##....##.######...
#.# ....##.#........
#####.#
.......#O..$....
......#
...##.#@.§.....
......#
####.'.§......
......# #.#.......#
......# #.##+##..(#
......########.# [.#
...............# .#
######......##### #
.#...'.....<....#
.#.###.......#.##


You could see an ogre.

Vanquished Creatures
  A black bear (D:4)
  A howler monkey (D:4)
  A crimson imp (D:4)
  An orc priest (D:5)
  A hound (D:4)
  10 adders
  2 worms
  3 dart slugs
  17 orcs
  2 bats
  10 endoplasms
  5 giant cockroaches
  3 goblins
  8 hobgoblins
  2 jackals (D:1)
  A quokka (D:3)
  6 ball pythons
  A frilled lizard (D:2)
  A goblin zombie (D:4)
  3 hobgoblin zombies (D:4)
  4 kobolds
  3 kobold skeletons (D:4)
  A kobold zombie (D:4)
  4 orc skeletons (D:4)
  An orc zombie (D:4)
  5 rats
97 creatures vanquished.

Vanquished Creatures (others)
  A plant (D:4)
1 creature vanquished.

Grand Total: 98 creatures vanquished

Notes
Turn   | Place    | Note
-------+----------+-------------------------------------------
     0 | D:1      | ragingrage the Naga Warper began the quest for the Orb.
     0 | D:1      | Reached XP level 1. HP: 19/19 MP: 3/3
    89 | D:1      | Found Zaodebro's Magic Scroll Boutique.
   170 | D:1      | Reached skill level 1 in Throwing
   387 | D:1      | Reached XP level 2. HP: 26/26 MP: 5/5
   852 | D:2      | Reached XP level 3. HP: 29/32 MP: 6/6
   959 | D:2      | Reached skill level 3 in Long Blades
  1463 | D:2      | Found a faded altar of an unknown god.
  1574 | D:2      | Found Sour's Book Boutique.
  1634 | D:3      | Reached XP level 4. HP: 36/39 MP: 7/7
  1714 | D:3      | Reached skill level 4 in Long Blades
  1754 | D:3      | Learned a level 2 spell: Blink
  1982 | D:3      | Reached XP level 5. HP: 39/45 MP: 8/8
  2574 | D:4      | Reached skill level 5 in Long Blades
  2803 | D:4      | Found a snail-covered altar of Cheibriados.
  2815 | D:4      | Became a worshipper of Cheibriados the Contemplative
  2982 | D:4      | Reached XP level 6. HP: 40/52 MP: 9/9
  3162 | D:4      | Reached skill level 6 in Long Blades
  3167 | D:4      | Found a glowing golden altar of the Shining One.
  3172 | D:4      | Reached * piety under Cheibriados
  3530 | D:4      | Noticed a black bear
  3538 | D:4      | Killed a black bear
  3741 | D:4      | Learned a level 3 spell: Vhi's Electric Charge
  3746 | D:4      | Learned a level 4 spell: Manifold Assault
  3773 | D:5      | Entered Level 5 of the Dungeon
  3813 | D:5      | Found a staircase to the Ecumenical Temple.
  3866 | D:5      | Slain by an ogre

Illustrated notes

Levels and vault maps discovered:
D:1:      dpeg_arrival_arbitrary_c, layout_loops_ring, serial_shops,
          nicolae_shop_statue_plus
D:2:      layout_loops_ring, hellmonk_ecumenical_altar_heavens_door,
          serial_shops, nicolae_shop_hallway_stairs, minmay_misc_feat_alley,
          serial_park_tiny_2
D:3:      layout_rooms
D:4:      layout_loops_corners, nicolae_tso_besieged_by_evil,
          cheibriados_altar_1, serial_bayou_pond_d, minmay_misc_feat_ornament
D:5:      layout_basic, general_overflow_altar,
          minmay_temple_entry_proselytizer, portal_sewer_entry_e, uniq_ijyb

Skill      XL: |  1  2  3  4  5  6 |
---------------+-------------------+-----
Throwing       | 1 |  1.1
Long Blades    | 3 4 5 6 |  6.9
Fighting       | |  2.1
Armour         | |  0.9
Dodging        | |  1.6
Spellcasting   | |  2.0
Translocations | |  3.1

Action                   |  1- 3 |  4- 6 || total
-------------------------+-------+-------++-------
Melee: Falchion          |   104 |    80 ||   184
       Punch             |       |     5 ||     5
       Long sword        |       |   176 ||   176
Throw: Boomerang         |       |     2 ||     2
       Dart              |       |     1 ||     1
 Abil: Spit Poison       |    13 |    22 ||    35
Evoke: Wand              |       |     2 ||     2
Armor: Leather armour    |    36 |    51 ||    87
       Scale mail        |       |    18 ||    18
Dodge: Dodged            |    75 |   163 ||   238
       Repelled          |       |     1 ||     1

Table legend: (Time is in decaauts)
 A = Elapsed time spent in this place.
 B = Non-inter-level travel time spent in this place.
 C = Inter-level travel time spent in this place.
 D = Time resting spent in this place.
 E = Time spent auto-exploring this place.
 F = Levels seen in this place.
 G = Mean time per level.
                   A        B        C        D        E       F      G
               +--------+--------+--------+--------+--------+-----+--------+
         Total |   5122 |   5014 |    108 |    674 |   3243 |   5 | 1024.4 |
       Dungeon |   5122 |   5014 |    108 |    674 |   3243 |   5 | 1024.4 |
               +--------+--------+--------+--------+--------+-----+--------+

Top non-repeatable levels by time:
     D:4: 1949 daAuts
     D:2: 1056 daAuts
     D:1: 1053 daAuts
     D:3: 898 daAuts
     D:5: 164 daAuts
